 Dungeon Crawl Stone Soup version 0.16-a0-3496-g6490362 (webtiles) character file.

96 Charly the Magician (level 4, 0/24 HPs)
             Began as a Deep Elf Fire Elementalist on Jan 5, 2015.
             Slain by a centaur (9 damage)
             ... on level 4 of the Dungeon.
             The game lasted 00:10:14 (694 turns).

Charly the Magician (Deep Elf Fire Elementalist)     Turns: 694, Time: 00:10:14

Health: 0/24       AC:  3    Str:  5    XL:     4   Next: 41%
Magic:  1/16       EV: 13    Int: 21    God:
Gold:   98         SH:  0    Dex: 15    Spells: 3 memorised, 4 levels left

rFire  . . .     SeeInvis +     (no weapon)
rCold  . . .     Clarity  .     a - +1 robe
rNeg   . . .     SustAb   .     (no shield)
rPois  .         Gourm    .     (no helmet)
rElec  .         Spirit   .     (no cloak)
rCorr  .         Warding  .     (no gloves)
rMut   .         Stasis   .     (no boots)
MR     .....                    (no amulet)
Stlth  ++........               m - ring of see invisible
                                d - -3 ring of slaying

@: very slightly contaminated, not resistant to hostile enchantments, unstealthy
A: no striking features
a: no special abilities


You were on level 4 of the Dungeon.
You were not hungry.

You visited 1 branch of the dungeon, and saw 4 of its levels.

You collected 98 gold pieces.

Inventory:

Armour
 a - a +1 robe (worn)
Jewellery
 d - a -3 ring of slaying (left hand)
 j - an uncursed ring of sustain abilities
 m - a ring of see invisible (right hand)
Scrolls
 e - a scroll of enchant armour
Books
 b - a book of Flames

   Spells                             Type                      Level
   a - Flame Tongue                   Conjuration/Fire             1
   b - Throw Flame                    Conjuration/Fire             2
   c - Conjure Flame                  Conjuration/Fire             3
   d - Inner Flame                    Hexes/Fire                   3
   e - Sticky Flame                   Conjuration/Fire             4
   f - Fireball                       Conjuration/Fire             5
Comestibles
 c - 3 bread rations
 h - 2 meat rations
 k - a slice of pizza


   Skills:
 - Level 2.4 Dodging
 - Level 2.4 Stealth
 + Level 4.6 Spellcasting
 + Level 2.5 Conjurations
 + Level 4.2 Fire Magic


You had 4 spell levels left.
You knew the following spells:

 Your Spells              Type           Power        Failure   Level  Hunger
c - Conjure Flame         Conj/Fire      ###.....     10%         3    ##.....
f - Flame Tongue          Conj/Fire      ###..        2%          1    None
s - Sticky Flame          Conj/Fire      ###.....     28%         4    ####...


Dungeon Overview and Level Annotations

Branches:
Dungeon (4/15)
 Temple: D:4-7

Altars:

Shops:
D:4 ((

Annotations:
D:4 Dowan, Duvessa


Message History

Aim: a centaur The flame tongue hits the centaur.
The centaur is moderately wounded.
The centaur hits you.
Casting: Flame Tongue
Confirm with . or Enter, or press ? or * to list all spells.
Aiming: Flame Tongue
Press: ? - help, Shift-Dir - straight line, f/p - centaur
Aim: a centaur (moderately wounded)
The flame tongue hits the centaur.
The centaur is moderately wounded.
The centaur barely misses you.
The centaur hits you but does no damage.
Wield which item (- for none, * to show all)? (? for menu, Esc to quit)
Okay, then.
You are now empty-handed.
You completely miss the centaur.
The centaur is moderately wounded.
The centaur hits you!
You die...

#########################
#.............#..........
#.###########.#.#.......#
#.# #.#.#####.# #.# #.#.#
#.# #.#############.#.#
#.# #...............#.#
#.# ###....##########.#
#.# #.....@.......#.. #..
#....c#######.### ####
#.....# #... #.....# #...
#....(# +... #.....# #...
#####.. #... #..g .....
##... ##...


You could see a centaur.

Vanquished Creatures
  A centaur skeleton (D:4)
  A worker ant (D:4)
  2 adders
  An adder skeleton (D:4)
  An ooze (D:2)
  A bat (D:2)
  A bat skeleton (D:4)
  2 giant cockroaches (D:3)
  2 goblins
  5 hobgoblins
  A quokka (D:2)
  A giant cockroach zombie (D:4)
  A giant newt (D:2)
  3 rats
23 creatures vanquished.

Notes
Turn   | Place    | Note
--------------------------------------------------------------
     0 | D:1      | Charly, the Deep Elf Fire Elementalist, began the quest for the Orb.
     0 | D:1      | Reached XP level 1. HP: 10/10 MP: 5/5
   246 | D:2      | Reached XP level 2. HP: 15/15 MP: 0/8
   365 | D:3      | Reached skill level 4 in Spellcasting
   409 | D:4      | Found Wagriab's Weapon Shop.
   409 | D:4      | Noticed Duvessa
   409 | D:4      | Noticed Dowan
   513 | D:4      | Found Labuets' Weapon Emporium.
   520 | D:4      | Reached XP level 3. HP: 19/19 MP: 8/12
   533 | D:4      | Learned a level 3 spell: Conjure Flame
   646 | D:4      | Reached XP level 4. HP: 24/24 MP: 8/15
   652 | D:4      | Learned a level 4 spell: Sticky Flame
   678 | D:4      | Noticed a centaur
   694 | D:4      | Slain by a centaur

Action                   |  1- 3 |  4- 6 || total
-------------------------+-------+-------++-------
Melee: Unarmed           |     1 |     1 ||     2
 Cast: Flame Tongue      |    52 |     5 ||    57
       Conjure Flame     |       |     1 ||     1
  Use: Scroll            |     1 |     3 ||     4
       Potion            |       |     2 ||     2
